 Dungeon Crawl Stone Soup version 0.21-a0-137-g951aa02 (webtiles) character file.

8 tehllama the Digger (level 2, 0/15 HPs)
             Began as a Gargoyle Earth Elementalist on July 18, 2017.
             Slain by a gnoll
             ... wielding a +0 club
              (7 damage)
             ... on level 1 of the Dungeon.
             The game lasted 00:00:42 (484 turns).

tehllama the Digger (Gargoyle Earth Elementalist)    Turns: 484, Time: 00:00:42

Health: 0/15       AC:  4    Str: 11    XL:     2   Next: 8%
Magic:  1/5        EV: 12    Int: 15    God:
Gold:   40         SH:  0    Dex: 10    Spells: 4/5 levels left

rFire    . . .     SeeInvis .   g - +0 club
rCold    . . .     Gourm    .   (no shield)
rNeg     + . .     Faith    .   c - +0 robe
rPois    ∞         Spirit   .   (no helmet)
rElec    +         Reflect  .   (no cloak)
rCorr    .         Harm     .   (no gloves)
MR       .....                  (no boots)
Stlth    ++........             (no amulet)
HPRegen  0.05/turn              (no ring)
MPRegen  0.09/turn              (no ring)

@: no status effects
A: negative energy resistance 1, electricity resistance, unbreathing,
petrification resistance, rot immunity, AC +2
a: no special abilities


You were on level 1 of the Dungeon.
You were not hungry.

You visited 1 branch of the dungeon, and saw 1 of its levels.

You collected 40 gold pieces.

Inventory:

Hand Weapons
 g - a +0 club (weapon)
Missiles
 b - 72 stones (quivered)
Armour
 c - a +0 robe (worn)
Scrolls
 f - a scroll of magic mapping {unknown}
 h - a scroll of amnesia {unknown}
 i - a scroll of enchant weapon {unknown}
Books
 e - a book of Geomancy

   Spells                             Type                      Level
   a - Sandblast                      Earth                        1
   b - Passwall                       Transmutation/Earth          2
   c - Stone Arrow                    Conjuration/Earth            3
   d - Petrify                        Transmutation/Earth          4
   e - Lee's Rapid Deconstruction     Earth                        5
Comestibles
 a - a chunk of flesh
 d - a bread ration


   Skills:
 - Level 1.5 Dodging
 - Level 2.1 Stealth
 + Level 2.2 Spellcasting
   Level 0.7 Transmutations
 + Level 4.0 Earth Magic


You had 4 spell levels left.
You knew the following spells:

 Your Spells              Type           Power        Failure   Level  Hunger
a - Sandblast             Erth           ##....       4%          1    #......


Dungeon Overview and Level Annotations

Branches:
Dungeon (1/15)

Altars:


Innate Abilities, Weirdness & Mutations

You are resistant to torment.
Your stone body is resilient. (AC +2)
You are immune to poison.
You resist negative energy. (rN+)
You are resistant to electric shocks. (rElec)
You can survive without breathing.
You are immune to petrification.
You are immune to rotting.


Message History

The hobgoblin hits you but does no damage.
The kobold closely misses you.
You hit the hobgoblin.
You kill the hobgoblin!
Your Earth Magic skill increases to level 4!
You have reached level 2!
The kobold hits you with a short sword. The gnoll closely misses you.
The kobold misses you.
You hit the kobold but do no damage. The kobold hits you with a short sword.
You hit the kobold.
The kobold is moderately wounded.
The kobold hits you but does no damage. x2
You hit the kobold but do no damage.
The kobold is moderately wounded.
The kobold hits you with a short sword.
You hit the kobold.
You kill the kobold!
You barely miss the gnoll. The gnoll hits you with a club.
The gnoll hits you with a club!
You die...

######.....>.#
....#........###.#
.. ##.#.#.####.#.#
#.# ... ##....#.#
#.#.###.#
#...#.....#.#
#.#...#.#
.........#.#
#.###.#.# ......
#.# #.......#
#.#?###.#
#####.###
#.....g@# ###.###
###'##### #.....#
#... #.###.#
#..... #.. #.#
#....... ##..###.#
..........
#.......#####
...........+
.............
...........#
##...######### ##.


You could see a gnoll.

Vanquished Creatures
  A dart slug (D:1)
  2 hobgoblins (D:1)
  A kobold (D:1)
  3 rats (D:1)
7 creatures vanquished.

Notes
Turn   | Place    | Note
-------+----------+-------------------------------------------
     0 | D:1      | tehllama the Gargoyle Earth Elementalist began the quest for the Orb.
     0 | D:1      | Reached XP level 1. HP: 10/10 MP: 3/3
   475 | D:1      | Reached skill level 4 in Earth Magic
   475 | D:1      | Reached XP level 2. HP: 15/15 MP: 0/5
   484 | D:1      | Slain by a gnoll

Vault maps used:
D:1:      minmay_arrival_shattered_statue, minivault_11

Skill      XL: |  1 |
---------------+----+-----
Earth Magic    | 4 |  4.0
Dodging        | |  1.5
Stealth        | |  2.1
Spellcasting   | |  2.2
Transmutations | |  0.7

Action                   || total
-------------------------++-------
Melee: Club              ||    15
       Unarmed           ||     9
 Cast: Sandblast         ||     8
Armor: Robe              ||     6
Dodge: Dodged            ||    23
